 Dungeon Crawl Stone Soup version 0.21-a0-442-g848f44b (webtiles) character file.

2 Goblin1989 the Ducker (level 1, 0/10 HPs)
             Began as a Felid Monk on Nov 14, 2017.
             Slain by a jackal (2 damage)
             ... on level 1 of the Dungeon.
             The game lasted 00:01:17 (297 turns).

Goblin1989 the Ducker (Felid Monk)                   Turns: 297, Time: 00:01:18

Health: 0/10       AC:  1    Str:  7    XL:     1   Next: 25%
Magic:  2/2        EV: 19    Int: 11    God:
Gold:   0          SH:  0    Dex: 18    Spells: 0/0 levels left
                                        Lives:  0   Deaths: 0

rFire    . . .     SeeInvis +     - Unarmed
rCold    . . .     Gourm    .   (shield unavailable)
rNeg     . . .     Faith    .   (armour unavailable)
rPois    .         Spirit   .   (helmet unavailable)
rElec    .         Reflect  .   (cloak unavailable)
rCorr    .         Harm     .   (gloves unavailable)
MR       .....                  (boots unavailable)
Stlth    +++.......             (no amulet)
HPRegen  0.03/turn              (no ring)
MPRegen  0.08/turn              (no ring)

@: quick
A: no armour, no weapons or thrown items, stealth, claws 1, fangs 3, see
invisible, carnivore 3, speed 1, shaggy fur 1, slow metabolism 1, sharp paws
a: no special abilities


You were on level 1 of the Dungeon.
You were not hungry.

You visited 1 branch of the dungeon, and saw 1 of its levels.

Inventory:

Scrolls
 b - a scroll of magic mapping {unknown}
 c - a scroll of enchant armour {unknown}
Comestibles
 a - a meat ration {@e2}


   Skills:
 + Level 3.0 Fighting
 + Level 4.0 Dodging
 + Level 2.7 Stealth
 * Level 3.0 Unarmed Combat


You couldn't memorise any spells.
You didn't know any spells.

Dungeon Overview and Level Annotations

Branches:
Dungeon (1/15)

Altars:


Innate Abilities, Weirdness & Mutations

You cannot wear armour.
You are incapable of wielding weapons or throwing items.
Your paws allow you to move quietly. (Stealth)
You have sharp claws.
You have razor-sharp teeth.
You have supernaturally acute eyesight. (SInv)
You are carnivorous and can eat meat at any time.
You cover ground quickly.
You are covered in fur. (AC +1)
You have a slow metabolism.
Your sharp claws are effective at attacking unaware monsters.


Message History

Welcome, Goblin1989 the Felid Monk.
It is said that the Orb of Zot exists deep within this dungeon.
Press ? for a list of commands and other information.
Found an escape hatch in the floor.
Found a staircase leading out of the dungeon.
A kobold comes into view.
The kobold shouts!
You see here a scroll labeled ZUVAT YLOLIHET.
b - a scroll labeled ZUVAT YLOLIHET The kobold completely misses you.
You closely miss the kobold. The kobold hits you.
You take 3 damage, and have 7/10 hp.
MASSIVE DAMAGE!!
You closely miss the kobold. The kobold hits you.
* * * LOW HITPOINT WARNING * * *
You take 3 damage, and have 4/10 hp.
MASSIVE DAMAGE!!
You scratch the kobold.
You kill the kobold!
Unknown command.
You start resting.
HP restored.
Health restored: 10
Found a stone staircase leading down.
c - a scroll labeled POANIGHEANY A jackal comes into view. 3 jackals come into view.
The jackal barks! x2
The jackal barks! x2
The jackal misses you.
You scratch the jackal.
The jackal is heavily wounded.
The jackal completely misses you. The jackal bites you.
You take 3 damage, and have 7/10 hp.
MASSIVE DAMAGE!!
You barely miss the jackal.
The jackal is moderately wounded.
The jackal bites you but does no damage.
You barely miss the jackal.
The jackal is moderately wounded.
The jackal closely misses you.
You scratch the jackal but do no damage.
The jackal is moderately wounded.
The jackal barely misses you. The jackal bites you.
You take 2 damage, and have 5/10 hp.
You miss the jackal.
The jackal is moderately wounded.
You scratch the jackal.
The jackal is lightly wounded.
The jackal closely misses you.
You scratch the jackal.
The jackal is almost dead.
The jackal misses you.
You closely miss the jackal.
The jackal is almost dead.
The jackal bites you.
* * * LOW HITPOINT WARNING * * *
You take 1 damage, and have 4/10 hp.
Unknown command.
You closely miss the jackal.
The jackal is almost dead.
The jackal completely misses you. The jackal bites you.
* * * LOW HITPOINT WARNING * * *
You take 2 damage, and have 2/10 hp.
Unknown command.
The jackal stops to sniff the ground.
The jackal bites you.
* * * LOW HITPOINT WARNING * * *
You take 1 damage, and have 1/10 hp.
You scratch the jackal.
You kill the jackal!
The jackal closely misses you.
Unknown command.
The jackal bites you.
You die...

█.....h.h......█
███.██████████████████████▲███
█.█ █.........█.......█
█.████████.███████.█.......█
█.......██.█ █.█.......█
█.......██.███████.........█
█..............(...........█
███.......█..███████.███...██
.)..........hh@................
████...█████████████.████████..
█>... ♣..♣♣ . █████. ♣.♣.♣♣
♣♣...♣ ♣..>♣ ♣.♣..♣ ♣♣♣.♣♣
♣♣♣.♣♣


You could see 2 jackals.

Vanquished Creatures
  A jackal (D:1)
  A kobold (D:1)
2 creatures vanquished.

Notes
Turn   | Place    | Note
-------+----------+-------------------------------------------
     0 | D:1      | Goblin1989 the Felid Monk began the quest for the Orb.
     0 | D:1      | Reached XP level 1. HP: 10/10 MP: 2/2
   297 | D:1      | Slain by a jackal

Vault maps used:
D:1:      roderic_dead_forest

Action                   || total
-------------------------++-------
Melee: Unarmed           ||    13
Armor: Skin              ||     1
Dodge: Dodged            ||     9

Table legend:
 A = Spawn XP
 B = Non-spawn XP
 C = Spawn XP percentage of total XP
 D = Spawn monster count
 E = Non-spawn monster count
 F = Spawn count percentage of total count
 G = Total turns spent on level
                    A         B        C        D         E        F      G
               +---------+---------+-------+---------+---------+-------+---------
         Total |       0 |       3 |   0.0 |       0 |       2 |   0.0 |   297
               +---------+---------+-------+---------+---------+-------+---------
           D:1 |       0 |       3 |   0.0 |       0 |       2 |   0.0 |   297
               +---------+---------+-------+---------+---------+-------+---------

Vault maps used:
D:1:      roderic_dead_forest
